 Dungeon Crawl Stone Soup version 0.28.0-53-g5a82cb258f (webtiles) character file.

Game seed: 6312161005988909257

2903 safid the Severer (level 9, -2/72 HPs)
             Began as a Hill Orc Fighter on June 29, 2022.
             Was a Follower of Beogh.
             Slain by a killer bee (6 damage)
             ... on level 8 of the Dungeon.
             The game lasted 00:10:44 (9091 turns).

safid the Severer (Hill Orc Fighter)                Turns: 9091, Time: 00:10:45

Health: -2/72      AC:  8    Str: 23    XL:     9   Next: 78%
Magic:  10/10      EV:  9    Int:  8    God:    Beogh [*.....]
Gold:   489        SH:  4    Dex: 10    Spells: 8/8 levels left

rFire   . . .      SeeInvis .   a - +1 war axe (elec)
rCold   + . .      Faith    .   c - +0 buckler
rNeg    . . .      Spirit   .   b - +0 scale mail
rPois   +          Reflect  .   y - +0 helmet of the Sacrificial Victim {rC+}
rElec   .          Harm     .   (no cloak)
rCorr   .          Rampage  .   (no gloves)
Will    .....                   (no boots)
Stlth   ..........              B - amulet of the acrobat
HPRegen 0.22/turn               p - ring of poison resistance
MPRegen 0.12/turn               (no ring)

@: no status effects
A: no striking features
a: Renounce Religion


You were on level 8 of the Dungeon.
You worshipped Beogh.
Beogh was aware of your devotion.
You visited 1 branch of the dungeon, and saw 8 of its levels.

You collected 489 gold pieces.

Inventory:

Hand Weapons
 a - a +1 war axe of electrocution (weapon)
Missiles
 h - 12 poisoned darts (quivered)
 k - a throwing net
Armour
 b - a +0 scale mail (worn)
 c - a +0 buckler (worn)
 y - the +0 helmet of the Sacrificial Victim (worn) {rC+}
   (You found it on level 5 of the Dungeon)

   rC:        It protects you from cold.
Jewellery
 p - a ring of poison resistance (left hand)
 w - a ring of ice
 B - an amulet of the acrobat (around neck)
Wands
 d - a wand of charming (3)
 n - a wand of digging (4)
 C - a wand of polymorph (1)
Scrolls
 f - 4 scrolls of vulnerability
 g - 2 scrolls of magic mapping
 i - 4 scrolls of amnesia
 j - 3 scrolls of enchant armour
 l - 4 scrolls of immolation
 q - 2 scrolls of fog
 A - a scroll of teleportation {unknown}
Potions
 e - 2 potions of flight {unknown}
 r - 2 potions of magic
 s - a potion of attraction {unknown}
 u - 5 potions of mutation
 v - 2 potions of lignification
 x - a potion of ambrosia {unknown}


   Skills:
 + Level 4.4 Fighting
 - Level 16.0 Axes
 + Level 4.4 Armour
 - Level 4.0 Shields
 + Level 1.9 Invocations


You had 8 spell levels left.
You didn't know any spells.
Your spell library contained the following spells:

 Spells                   Type           Power      Damage    Failure   Level
 Animate Skeleton         Necr           0%         N/A       80%         1
 Pain                     Necr           0%         1d4       80%         1
 Ensorcelled Hibernation  Hex/Ice        0%         N/A       91%         2
 Passwall                 Tmut/Erth      0%         N/A       91%         2
 Swiftness                Air            0%         N/A       99%         3
 Vampiric Draining        Necr           0%         2d6       99%         3
 Summon Ice Beast         Ice/Summ       0%         N/A       100%        4
 Summon Mana Viper        Hex/Summ       0%         N/A       100%        5
 Monstrous Menagerie      Summ           0%         N/A       100%        7


Dungeon Overview and Level Annotations

Branches:
Dungeon (8/15)             Temple (0/1) D:6
   Lair: D:8-11

Altars:
Cheibriados
Gozag
Kikubaaqudgha
Makhleb
Nemelex Xobeh
Wu Jian
Xom

Shops:
D:4 *   D:7 [=

Annotations:
D:6 3 runed translucent doors, DrGeese's ghost, novice GrBe; nickcage's ghost, novice DECj


Message History

You are too injured to fight recklessly!
As you read the scroll labelled NEICWY IXUONA, it crumbles to dust.
It is a scroll of brand weapon.
Your +0 war axe crackles with electricity.
a - a +0 war axe of electrocution (weapon)
You feel sick.
The killer bee stings you but does no damage.
The killer bee barely misses you. You block the killer bee's attack.
The killer bee stings you but does no damage.
The killer bee barely misses you. The killer bee stings you!
* * * LOW HITPOINT WARNING * * *
The killer bee closely misses you. You block the killer bee's attack.
The killer bee stings you but does no damage.
The killer bee stings you!
* * * LOW HITPOINT WARNING * * *
Unknown command.
Unknown command.
Unknown command.
Unknown command.
Unknown command.
Unknown command.
You feel better. The killer bee barely misses you. x2
The killer bee stings you but does no damage.
The killer bee stings you.
* * * LOW HITPOINT WARNING * * *
The killer bee closely misses you. The killer bee stings you.
* * * LOW HITPOINT WARNING * * *
The killer bee stings you.
* * * LOW HITPOINT WARNING * * *
You block the killer bee's attack.
The killer bee stings you but does no damage.
The killer bee barely misses you.
An orc wizard comes into view. It is wielding a +2 dagger of speed.
Unknown command.
As you read the scroll labelled IZAWINN NORE, it crumbles to dust.
It is a scroll of enchant weapon.
Your +0 war axe of electrocution glows red for a moment.
The orc wizard shouts!
The killer bee completely misses you. The killer bee stings you.
You die...

####...##.....##.
##..#...##.....#
#....#.........#
#....#..........#
##
###.##..###+#####
#...###.##..#
#...........#
##..♣♣♣..yy.# ..
♣♣.@y.# ♣♣yy.#
♣♣.o# .... ....o
..##..o ..# ...
[.. ..


You could see 5 killer bees, 2 orc wizards and an orc.

Vanquished Creatures
  Pikel (D:7)
  Menkaure (D:6)
  A water moccasin (D:7)
  An orc warrior (D:7)
  A hornet zombie (D:7)
  A necrophage (D:7)
  3 ogres
  A centaur (D:6)
  2 phantoms
  5 bullfrogs
  2 scorpions
  A water moccasin zombie (D:7)
  4 killer bees
  3 centaur zombies
  2 bullfrog zombies
  An orc priest (D:8)
  A centaur skeleton (D:5)
  4 hounds (D:5)
  A jelly (D:4)
  Ijyb (D:3)
  2 iguanas
  2 orc wizards (D:8)
  A hound zombie (D:5)
  A howler monkey zombie (D:6)
  A howler monkey skeleton (D:6)
  11 adders
  2 shadow imps (D:5)
  3 white imps
  An ufetubus (D:5)
  2 worms (D:3)
  4 dart slugs
  10 orcs
  10 ball pythons
  A bat zombie (D:5)
  8 endoplasms
  2 giant cockroaches
  8 goblins
  4 hobgoblins
  6 jackals
  3 quokkas
  4 bats
  8 frilled lizards
  6 kobolds
  5 rats
  3 rat zombies (D:5)
145 creatures vanquished.

Vanquished Creatures (others)
  8 plants
  6 withered plants (D:6)
14 creatures vanquished.

Grand Total: 159 creatures vanquished

Notes
Turn   | Place    | Note
-------+----------+-------------------------------------------
     0 | D:1      | safid the Hill Orc Fighter began the quest for the Orb.
     0 | D:1      | Reached XP level 1. HP: 19/19 MP: 1/1
    31 | D:1      | Reached XP level 2. HP: 20/27 MP: 2/2
   145 | D:1      | Reached skill level 3 in Axes
   413 | D:1      | Found a faded altar of an unknown god.
   488 | D:1      | You fall into a shaft and drop 1 floor!
   515 | D:2      | Reached XP level 3. HP: 33/33 MP: 3/3
   826 | D:2      | Found a shimmering altar of Xom.
   986 | D:2      | Reached XP level 4. HP: 38/40 MP: 4/4
  1417 | D:2      | Reached skill level 4 in Axes
  1926 | D:3      | Reached skill level 5 in Axes
  1951 | D:3      | Noticed Ijyb
  1975 | D:3      | Killed Ijyb
  1976 | D:3      | Reached XP level 5. HP: 35/46 MP: 5/5
  2057 | D:3      | Found a sparkling altar of Nemelex Xobeh.
  2583 | D:4      | Reached skill level 6 in Axes
  2843 | D:4      | Noticed a phantom
  2859 | D:4      | Reached XP level 6. HP: 17/52 MP: 6/6
  2873 | D:4      | HP: 1/78 [phantom (4)]
  2876 | D:4      | Reached skill level 7 in Axes
  3374 | D:4      | Found Ize Cic's Elemental Accessories.
  3628 | D:5      | Entered Level 5 of the Dungeon
  3644 | D:5      | Reached skill level 8 in Axes
  3724 | D:5      | Reached XP level 7. HP: 37/59 MP: 7/7
  3881 | D:5      | Reached skill level 9 in Axes
  4114 | D:5      | Reached skill level 10 in Axes
  4411 | D:5      | Became a worshipper of Beogh the Brigand
  4563 | D:5      | Found an ancient bone altar of Kikubaaqudgha.
  4642 | D:5      | Reached XP level 8. HP: 63/66 MP: 8/8
  4780 | D:5      | Found an opulent altar of Gozag.
  4780 | D:5      | Found a burning altar of Makhleb.
  4786 | D:5      | Reached skill level 11 in Axes
  4936 | D:5      | Identified the +0 helmet of the Sacrificial Victim {rC+}
  5272 | D:6      | Found a staircase to the Ecumenical Temple.
  5867 | D:6      | Reached skill level 12 in Axes
  6261 | D:6      | Found a runed translucent gate.
  6262 | D:6      | Found a runed translucent gate.
  6262 | D:6      | Found a runed translucent gate.
  6264 | D:6      | Noticed nickcage's ghost (novice DECj)
  6264 | D:6      | Noticed DrGeese's ghost (novice GrBe)
  6399 | D:6      | Found a snail-covered altar of Cheibriados.
  6443 | D:6      | Noticed Menkaure
  6452 | D:6      | Killed Menkaure
  6880 | D:7      | Reached skill level 13 in Axes
  7360 | D:7      | Reached XP level 9. HP: 65/71 MP: 9/9
  7371 | D:7      | Reached skill level 14 in Axes
  7732 | D:7      | Found Bugej's Jewellery Shoppe.
  7941 | D:7      | Found an ornate altar of the Wu Jian Council.
  8205 | D:7      | Noticed Pikel
  8229 | D:7      | Killed Pikel
  8230 | D:7      | Reached skill level 15 in Axes
  8584 | D:7      | Found Heto's Armour Shop.
  8877 | D:8      | Reached * piety under Beogh
  8878 | D:8      | Reached skill level 16 in Axes
  8926 | D:8      | Reached skill level 1 in Invocations
  9091 | D:8      | Slain by a killer bee

Illustrated notes

Levels and vault maps discovered:
D:1:      ebering_trefoil_twist, layout_basic, ebering_ecumenical_altar_webs,
          chequers_decorated_corner
D:2:      layout_basic, basic_altar, solitary_fountain, minmay_lizard_king
D:3:      layout_basic, nemelex_dance_club_becter, minmay_close_crescents,
          uniq_ijyb
D:4:      layout_cave_pools, hangedman_decor_diamond_cutter,
          eino_small_chamber_without_monster, nicolae_elemental_shop,
          minmay_starry_boxes
D:5:      layout_gridville, lemuel_zombie_altar_kikubaaqudgha,
          gammafunk_temple_overflow_pools, saegor_snake_ambush
D:6:      layout_layer_cave, mainiacjoe_overflow_alcove_1,
          minmay_temple_entry_glass, gammafunk_ghost_cemetery, uniq_menkaure
D:7:      layout_rooms, nzn_wu_jian_council_hall, serial_shops, shop,
          nicolae_inconvenience_store, minivault_26, uniq_pikel
D:8:      layout_gridville, good_gods_temple_1, dpeg_oklobed_lair

Skill      XL: |  1  2  3  4  5  6  7  8  9 |
---------------+----------------------------+-----
Axes           | 3 5 6 8 10 13 16 | 16.0
Fighting       | 4 |  4.4
Shields        | 4 |  4.0
Armour         | 4 |  4.4
Invocations    | 1 |  1.9

Action                   |  1- 3 |  4- 6 |  7- 9 || total
-------------------------+-------+-------+-------++-------
Melee: War axe           |    96 |   181 |   275 ||   552
Invok: Convert to Beogh  |       |       |     1 ||     1
  Use: Potion            |       |     2 |     2 ||     4
       Scroll            |       |       |    11 ||    11
Armor: Scale mail        |    42 |    70 |   121 ||   233
       Skin              |       |    11 |       ||    11
Dodge: Dodged            |    48 |    82 |   131 ||   261
Block: Buckler           |    25 |    42 |    46 ||   113
